Griffins vs Knights
Created - January 31, 2019 at 19:10
Goals
|
| Griffins |
0 |
1 |
1 |
2 |
| Knights |
2 |
1 |
3 |
6 |
|
Shots
|
| Griffins |
6 |
11 |
14 |
31 |
| Knights |
12 |
10 |
8 |
30 |
|
1st period
1. Knights , Tom Wilson 10 (Zach Trotman 12, Brandon Saad 16) at 3:11
2. Knights , Brandon Saad 9 (Brendan Gaunce 11) at 15:17
Penalties :
Ludwig Bystrom (Lon) for Hooking (Minor) at 6:41
2nd period
3. Knights , Josh Bailey 14 (Michael Raffl 31, Cody Bass 3) at 4:51
4. Griffins , Jamie Arniel 15 (Mirco Mueller 3, Tye McGinn 35) at 5:09
Penalties :
Linden Vey (Lon) for Hooking (Minor) at 8:50, Ben Scrivens (Lon) for Delaying the game (Minor) at 15:22 - Brendan Gaunce served the penalty
3rd period
5. Knights , Michael Raffl 32 (Josh Bailey 22, Cody Bass 4) at 10:44
6. Griffins , Nathan Gerbe 21 (Petr Pohl 45, Sean Monahan 37) at 11:36
7. Knights , Linden Vey 16 (A.J. Jenks 2, Noel Acciari 53) at 18:12 (PP)
8. Knights , A.J. Jenks 3 (Linden Vey 25) at 19:21 (PP)
Penalties :
Petr Pohl (Cap) for Slashing (Minor) at 0:03, Josh Bailey (Lon) for Tripping (Minor) at 3:00, Nicholas Baptiste (Cap) for Holding (Minor) at 7:34, Bryan Young (Cap) for Tripping (Minor) at 17:06, Bryan Young (Cap) for Interference (Minor) at 18:49
Goalie Stats
Olivier Roy (Cap), 24 saves from 30 shots - (0.800), L, 10-8-1, 60:00 minutes
Ben Scrivens (Lon), 29 saves from 31 shots - (0.935), W, 19-9-3, 60:00 minutes
Players Stats for Griffins
Player Name G A P +/- PIM S H SB GA TA FO MP PP MP PK MP
------------------------------------------------------------------------------------
Anton Slepyshev 0 0 0 -1 0 0 2 0 0 0 0/0 11:06 0:00 0:00
Ben Hanowski 0 0 0 0 0 1 2 1 0 0 0/0 20:51 3:43 3:15
Bryan Young 0 0 0 1 4 0 1 3 0 1 0/0 19:52 3:12 2:36
Ian McCoshen 0 0 0 0 0 0 0 1 0 1 0/0 14:54 0:40 0:00
J.T. Brown 0 0 0 -1 0 1 1 0 0 0 0/0 12:15 0:00 1:09
Jamie Arniel 1 0 1 0 0 1 1 0 0 1 14/25 21:06 3:43 3:16
Keith Seabrook 0 0 0 -3 0 0 0 2 0 0 0/0 23:44 3:12 3:45
Mirco Mueller 0 1 1 1 0 1 1 1 0 0 0/0 14:05 0:00 1:09
Nathan Gerbe 1 0 1 0 0 4 3 1 0 0 1/4 18:20 4:13 0:16
Nathan Oystrick 0 0 0 0 0 1 0 5 0 1 0/0 16:51 0:00 1:51
Nicholas Baptiste 0 0 0 -1 2 1 3 1 1 0 0/0 8:02 0:00 0:00
Petr Pohl 0 1 1 0 2 5 1 1 0 0 1/3 18:31 4:13 0:31
Quinton Howden 0 0 0 -1 0 2 0 0 1 0 1/3 11:06 0:00 0:00
Robert Dome 0 0 0 -1 0 1 0 0 1 0 0/0 12:31 4:44 0:00
Sean Monahan 0 1 1 0 0 4 4 0 0 0 11/20 17:37 4:13 0:00
Simon Despres 0 0 0 -3 0 3 2 1 0 1 0/0 24:36 4:04 1:51
Tye McGinn 0 1 1 0 0 5 1 0 1 1 1/1 20:21 3:43 1:56
Vladislav Namestnikov 0 0 0 -1 0 1 0 1 0 1 1/3 8:32 0:00 0:49
Players Stats for Knights
Player Name G A P +/- PIM S H SB GA TA FO MP PP MP PK MP
------------------------------------------------------------------------------------
A.J. Jenks 1 1 2 0 0 3 0 0 0 0 0/1 15:32 2:47 0:00
Alan Quine 0 0 0 0 0 2 0 1 0 1 1/2 7:18 0:00 0:00
Brandon Saad 1 1 2 2 0 2 2 0 0 0 0/0 12:57 0:00 1:52
Brendan Gaunce 0 1 1 2 0 2 1 0 0 0 3/7 10:47 0:00 0:09
Brett Connolly 0 0 0 0 0 0 0 0 0 0 0/0 0:39 0:01 0:00
Cody Bass 0 2 2 0 0 1 2 0 0 0 12/27 19:24 2:48 1:39
Collin Miller 0 0 0 0 0 0 0 0 0 0 0/0 9:31 0:00 0:00
Curtis Valk 0 0 0 0 0 0 0 0 0 0 0/0 0:00 0:00 0:00
David Shields 0 0 0 1 0 0 1 0 0 0 0/0 3:57 0:00 0:00
Jaccob Slavin 0 0 0 0 0 1 0 1 0 0 0/0 9:31 0:00 0:00
Jared Spurgeon 0 0 0 -1 0 4 0 2 3 0 0/0 26:45 3:57 4:59
Jordan Martinook 0 0 0 0 0 1 1 0 0 0 0/0 7:18 0:00 0:00
Josh Bailey 1 1 2 0 2 2 1 3 0 0 2/3 20:53 2:48 3:02
Linden Vey 1 1 2 0 2 3 2 0 0 0 2/2 15:32 2:47 0:00
Ludwig Bystrom 0 0 0 1 2 0 0 1 0 0 0/0 4:23 0:00 0:00
Matt Grzelcyk 0 0 0 0 0 0 0 0 0 0 0/0 0:00 0:00 0:00
Michael Matheson 0 0 0 2 0 1 0 1 0 0 0/0 19:47 1:39 2:57
Michael Raffl 1 1 2 0 0 3 3 2 1 0 1/1 21:55 2:48 4:22
Nicolas Petan 0 0 0 0 0 0 0 0 0 0 1/2 1:58 0:00 1:58
Noel Acciari 0 1 1 0 0 0 2 1 1 0 7/14 18:49 2:47 2:47
Pavel Buchnevich 0 0 0 0 0 1 0 0 0 0 0/0 7:18 0:00 0:00
Scott Wilson 0 0 0 0 0 0 0 0 0 0 0/0 0:20 0:01 0:03
Tom Wilson 1 0 1 2 0 3 1 0 1 0 0/0 10:55 0:01 0:00
Tomas Kundratek 0 0 0 -1 0 0 0 5 0 2 0/0 26:45 3:57 4:59
Zach Trotman 0 1 1 2 0 1 1 0 1 1 0/0 19:47 1:39 2:57
3 Stars
1 - Brandon Saad (Lon)
2 - Michael Raffl (Lon)
3 - Tom Wilson (Lon)
Power Play
Griffins - 0 on 4 Attempt(s) - 0.00%
Knights - 2 on 4 Attempt(s) - 50.00%
Penalty Kill
Griffins - 2 on 4 Attempt(s) - 50.00%
- Score 0 goal in Penalty Kill
Knights - 4 on 4 Attempt(s) - 100.00%
- Score 0 goal in Penalty Kill
Team Stat
Griffins - Hits : 22 - Faceoff Wins : 30 - Blocked Shots : 18 - Penalty Minutes : 8
Knights - Hits : 17 - Faceoff Wins : 29 - Blocked Shots : 17 - Penalty Minutes : 8
Official
Referees : Unknown
Linesman : Unknown
Game Notes
No Game Note
Finance
Level 1 -- Attendance: 1442 (72.10%) -- Ticket Income $36,050
Level 2 -- Attendance: 779 (77.90%) -- Ticket Income $10,127
Total Attendance: 2221 (74.03%)
Total Ticket Income: $46,177
Other Income: $2,309
Total Income: $48,486
Griffins
5 vs 5 Forward
Center Left Wing Right Wing Time % Phy DF OF
1 Jamie Arniel Tye McGinn Ben Hanowski 35 0 2 3
2 Sean Monahan Nathan Gerbe Petr Pohl 35 0 2 3
3 Quinton Howden Anton Slepyshev J.T. Brown 20 0 2 3
4 Vladislav Namestnikov Robert Dome Nicholas Baptiste 10 0 2 3
5 vs 5 Defense
Defense Defense Time % Phy DF OF
1 Simon Despres Keith Seabrook 40 0 2 3
2 Mirco Mueller Bryan Young 30 0 3 2
3 Nathan Oystrick Ian McCoshen 20 0 3 2
4 Nathan Oystrick Ian McCoshen 10 1 2 2
PowerPlay Forward
Center Left Wing Right Wing Time % Phy DF OF
1 Sean Monahan Nathan Gerbe Petr Pohl 60 0 1 4
2 Jamie Arniel Tye McGinn Ben Hanowski 40 0 1 4
PowerPlay Defense
Defense Defense Time % Phy DF OF
1 Robert Dome Simon Despres 60 0 1 4
2 Bryan Young Keith Seabrook 40 0 1 4
Penalty Kill 4 Players Forward
Center Wing Time % Phy DF OF
1 Jamie Arniel Ben Hanowski 60 1 2 2
2 Tye McGinn J.T. Brown 40 1 2 2
Penalty Kill 4 Players Defense
Defense Defense Time % Phy DF OF
1 Keith Seabrook Bryan Young 60 1 2 2
2 Nathan Oystrick Simon Despres 40 1 2 2
Penalty Kill - 3 Players Forward
Forward Time % Phy DF OF
1 J.T. Brown 60 1 2 2
2 Jamie Arniel 40 1 2 2
Penalty Kill - 3 Players Defense
Defense Defense Time % Phy DF OF
1 Keith Seabrook Bryan Young 60 1 2 2
2 Nathan Oystrick Simon Despres 40 1 2 2
4 vs 4 Forward
Center Wing Time % Phy DF OF
1 Jamie Arniel Petr Pohl 50 1 2 2
2 Sean Monahan Nathan Gerbe 50 1 2 2
4 vs 4 Defense
Defense Defense Time % Phy DF OF
1 Simon Despres Bryan Young 60 1 2 2
2 Keith Seabrook Ian McCoshen 40 1 2 2
Last Minutes Offensive
Center Left Wing Right Wing Defense Defense
Jamie Arniel Sean Monahan Petr Pohl Simon Despres Tye McGinn
Last Minutes Defensive
Center Left Wing Right Wing Defense Defense
Jamie Arniel Tye McGinn J.T. Brown Keith Seabrook Nathan Oystrick
Goaltenders
Starting : Olivier Roy
Backup : Jean-Francois Berube
Extra Forwards
Normal : Petr Pohl, Jamie Arniel, Sean Monahan - PP : J.T. Brown, Anton Slepyshev - PK : Petr Pohl
Extra Defensemen
Normal : Simon Despres, Keith Seabrook, Bryan Young - PP : Ian McCoshen - PK : Mirco Mueller, Ian McCoshen
Penalty Shots
Nathan Gerbe, Sean Monahan, Ben Hanowski, Robert Dome, Vladislav Namestnikov
Scratches
Garrett Wilson (Healthy), Tanner Kero (Healthy), Greg McKegg (Healthy), Lucas Lessio (Healthy), Petter Granberg (Left Hand Injury)
Brendan Woods (Left Leg Injury), Jerome Gauthier-Leduc (Healthy), Konrad Abeltshauser (Healthy), Tomas Hyka (Healthy), Brian Hart (Healthy)
Ty Wishart (Healthy), Marcus Hogberg (Healthy), Matt Tomkins (Healthy)
Knights
5 vs 5 Forward
Center Left Wing Right Wing Time % Phy DF OF
1 Cody Bass Michael Raffl Josh Bailey 40 1 2 2
2 Noel Acciari A.J. Jenks Linden Vey 30 1 2 2
3 Brendan Gaunce Brandon Saad Tom Wilson 20 1 2 2
4 Alan Quine Jordan Martinook Pavel Buchnevich 10 1 2 2
5 vs 5 Defense
Defense Defense Time % Phy DF OF
1 Tomas Kundratek Jared Spurgeon 40 1 2 2
2 Zach Trotman Michael Matheson 30 1 2 2
3 Jaccob Slavin Collin Miller 20 1 2 2
4 Ludwig Bystrom David Shields 10 1 2 2
PowerPlay Forward
Center Left Wing Right Wing Time % Phy DF OF
1 Cody Bass Michael Raffl Josh Bailey 60 1 2 2
2 Noel Acciari A.J. Jenks Linden Vey 40 1 2 2
PowerPlay Defense
Defense Defense Time % Phy DF OF
1 Tomas Kundratek Jared Spurgeon 60 1 2 2
2 Zach Trotman Michael Matheson 40 1 2 2
Penalty Kill 4 Players Forward
Center Wing Time % Phy DF OF
1 Josh Bailey Michael Raffl 60 1 2 2
2 Cody Bass Noel Acciari 40 1 2 2
Penalty Kill 4 Players Defense
Defense Defense Time % Phy DF OF
1 Tomas Kundratek Jared Spurgeon 60 1 2 2
2 Zach Trotman Michael Matheson 40 1 2 2
Penalty Kill - 3 Players Forward
Forward Time % Phy DF OF
1 Josh Bailey 60 1 2 2
2 Michael Raffl 40 1 2 2
Penalty Kill - 3 Players Defense
Defense Defense Time % Phy DF OF
1 Tomas Kundratek Jared Spurgeon 60 1 2 2
2 Zach Trotman Michael Matheson 40 1 2 2
4 vs 4 Forward
Center Wing Time % Phy DF OF
1 Josh Bailey Michael Raffl 60 1 2 2
2 Cody Bass Noel Acciari 40 1 2 2
4 vs 4 Defense
Defense Defense Time % Phy DF OF
1 Tomas Kundratek Jared Spurgeon 60 1 2 2
2 Zach Trotman Michael Matheson 40 1 2 2
Last Minutes Offensive
Center Left Wing Right Wing Defense Defense
Cody Bass Michael Raffl Josh Bailey Tomas Kundratek Jared Spurgeon
Last Minutes Defensive
Center Left Wing Right Wing Defense Defense
Cody Bass Michael Raffl Josh Bailey Tomas Kundratek Jared Spurgeon
Goaltenders
Starting : Ben Scrivens
Backup : Magnus Hellberg
Extra Forwards
Normal : Brett Connolly, Scott Wilson, Nicolas Petan - PP : Brett Connolly, Scott Wilson - PK : Nicolas Petan
Extra Defensemen
Normal : Matt Grzelcyk, Jaccob Slavin, Collin Miller - PP : Matt Grzelcyk - PK : Jaccob Slavin, Collin Miller
Penalty Shots
Josh Bailey, Michael Raffl, Cody Bass, Noel Acciari, Linden Vey
Scratches
Zach Nastasiuk (Healthy), Andreas Athanasiou (Left Leg Injury), Matt Puempel (Healthy), Matthew Benning (Healthy), Trevor Moore (Healthy)
Anthony Louis (Healthy), Travis Boyd (Healthy), Anton Blidh (Healthy), Connor Knapp (Healthy), Eamon McAdam (Healthy)
Philippe Desrosiers (Healthy), Ville Husso (Healthy)
% Time on Ice - Griffins
Lines # - Real PCT - Wanted PCT - Time Play
Normal Forward
1 - 31% - 35% - 14:13
2 - 29% - 35% - 13:28
3 - 24% - 20% - 11:06
4 - 17% - 10% - 7:41
Normal Defense
1 - 39% - 40% - 18:17
2 - 30% - 30% - 13:57
3 - 21% - 20% - 9:55
4 - 9% - 10% - 4:19
PP Forward
1 - 53% - 60% - 4:13
2 - 47% - 40% - 3:43
PP Defense
1 - 60% - 60% - 4:44
2 - 40% - 40% - 3:12
PK Forward
1 - 79% - 60% - 4:27
2 - 21% - 40% - 1:09
PK Defense
1 - 67% - 60% - 3:45
2 - 33% - 40% - 1:51
PK3 Forward
1 - 0% - 60%
2 - 0% - 40%
PK3 Defense
1 - 0% - 60%
2 - 0% - 40%
44 Forward
1 - 0% - 50%
2 - 0% - 50%
44 Defense
1 - 0% - 60%
2 - 0% - 40%
Last Minute Offensive - 0:00
Last Minute Defensive - 0:00
Total
Forward - 60:00
Defense - 60:00
|
% Time on Ice - Knights
Lines # - Real PCT - Wanted PCT - Time Play
Normal Forward
1 - 34% - 40% - 15:47
2 - 27% - 30% - 12:45
3 - 23% - 20% - 10:38
4 - 16% - 10% - 7:18
Normal Defense
1 - 38% - 40% - 17:49
2 - 33% - 30% - 15:11
3 - 20% - 20% - 9:31
4 - 9% - 10% - 3:57
PP Forward
1 - 50% - 60% - 2:49
2 - 50% - 40% - 2:47
PP Defense
1 - 71% - 60% - 3:57
2 - 29% - 40% - 1:39
PK Forward
1 - 79% - 60% - 6:17
2 - 21% - 40% - 1:39
PK Defense
1 - 63% - 60% - 4:59
2 - 37% - 40% - 2:57
PK3 Forward
1 - 0% - 60%
2 - 0% - 40%
PK3 Defense
1 - 0% - 60%
2 - 0% - 40%
44 Forward
1 - 0% - 60%
2 - 0% - 40%
44 Defense
1 - 0% - 60%
2 - 0% - 40%
Last Minute Offensive - 0:00
Last Minute Defensive - 0:00
Total
Forward - 60:00
Defense - 60:00
|
Play-by-Play
1st period
0:01 of 1st period - Jamie Arniel wins face-off versus Cody Bass in neutral zone.
0:05 of 1st period - Wrist shot by Ben Hanowski.
0:05 of 1st period - Shot Misses the Net.
0:07 of 1st period - Wrist shot by Simon Despres.
0:07 of 1st period - Stopped by Ben Scrivens with a rebound.
0:09 of 1st period - Snap shot by Jamie Arniel.
0:09 of 1st period - Deflect By Tye McGinn.
0:09 of 1st period - Shot Misses the Net.
0:09 of 1st period - Puck is out of play.
0:10 of 1st period - Cody Bass wins face-off versus Jamie Arniel in Knights zone.
1:05 of 1st period - Snap shot by Michael Raffl.
1:05 of 1st period - Stopped by Olivier Roy without a rebound.
1:06 of 1st period - Sean Monahan wins face-off versus Noel Acciari in Griffins zone.
2:33 of 1st period - Slapshot by Tom Wilson.
2:33 of 1st period - Shot Misses the Net.
2:35 of 1st period - Slapshot by Brandon Saad.
2:35 of 1st period - Shot Misses the Net.
2:37 of 1st period - Snap shot by Brandon Saad.
2:37 of 1st period - Shot Misses the Net.
2:39 of 1st period - Wrist shot by Brandon Saad.
2:39 of 1st period - Stopped by Olivier Roy with a rebound.
3:05 of 1st period - Wrist shot by Brandon Saad.
3:05 of 1st period - Shot Misses the Net.
3:07 of 1st period - Slapshot by Zach Trotman.
3:07 of 1st period - Stopped by Olivier Roy with a rebound.
3:09 of 1st period - Backhand shot by Tom Wilson.
3:09 of 1st period - Shot Blocked by Bryan Young.
3:11 of 1st period - Snap shot by Tom Wilson.
3:11 of 1st period - Goal by Tom Wilson - Griffins : 0 - Knights : 1.
3:12 of 1st period - Petr Pohl wins face-off versus Noel Acciari in neutral zone.
3:19 of 1st period - Slapshot by Sean Monahan.
3:19 of 1st period - Shot Misses the Net.
3:27 of 1st period - Snap shot by Linden Vey.
3:27 of 1st period - Shot Blocked by Ian McCoshen.
3:43 of 1st period - Wrist shot by Jordan Martinook.
3:43 of 1st period - Shot Misses the Net.
3:45 of 1st period - Snap shot by Jordan Martinook.
3:45 of 1st period - Shot Blocked by Nathan Oystrick.
3:47 of 1st period - Snap shot by Alan Quine.
3:47 of 1st period - Stopped by Olivier Roy without a rebound.
3:48 of 1st period - Noel Acciari wins face-off versus Sean Monahan in Griffins zone.
5:54 of 1st period - Wrist shot by Brandon Saad.
5:54 of 1st period - Shot Misses the Net.
6:14 of 1st period - Keith Seabrook is hit by Linden Vey and loses puck.
6:41 of 1st period - Minor Penalty to Ludwig Bystrom for Hooking.
6:42 of 1st period - Josh Bailey wins face-off versus Sean Monahan in Knights zone.
6:47 of 1st period - Snap shot by Petr Pohl.
6:47 of 1st period - Shot Misses the Net.
6:49 of 1st period - Wrist shot by Nathan Gerbe.
6:49 of 1st period - Shot Misses the Net.
6:51 of 1st period - Snap shot by Ian McCoshen.
6:51 of 1st period - Shot Blocked by Tomas Kundratek.
8:22 of 1st period - Jamie Arniel is hit by Brandon Saad and loses puck.
8:41 of 1st period - Penalty to Ludwig Bystrom is over, Ludwig Bystrom is back on ice.
8:54 of 1st period - Michael Matheson is hit by Simon Despres and loses puck.
9:19 of 1st period - Michael Matheson is hit by Nathan Gerbe and loses puck.
9:27 of 1st period - Icing by Zach Trotman.
9:28 of 1st period - Alan Quine wins face-off versus Quinton Howden in Knights zone.
9:32 of 1st period - Off-side.
9:33 of 1st period - Cody Bass wins face-off versus Quinton Howden in neutral zone.
10:00 of 1st period - Wrist shot by Quinton Howden.
10:00 of 1st period - Shot Misses the Net.
10:18 of 1st period - Backhand shot by Nathan Gerbe.
10:18 of 1st period - Stopped by Ben Scrivens with a rebound.
10:20 of 1st period - Wrist shot by Bryan Young.
10:20 of 1st period - Shot Misses the Net.
10:22 of 1st period - Slapshot by Bryan Young.
10:22 of 1st period - Shot Blocked by Jaccob Slavin.
10:24 of 1st period - Snap shot by Sean Monahan.
10:24 of 1st period - Stopped by Ben Scrivens with a rebound.
10:26 of 1st period - Snap shot by Petr Pohl.
10:26 of 1st period - Stopped by Ben Scrivens with a rebound.
11:02 of 1st period - Alan Quine is hit by Nicholas Baptiste and loses puck.
11:07 of 1st period - Slapshot by Simon Despres.
11:07 of 1st period - Deflect By Vladislav Namestnikov.
11:07 of 1st period - Shot Misses the Net.
11:07 of 1st period - Puck is out of play.
11:08 of 1st period - Noel Acciari wins face-off versus Sean Monahan in Knights zone.
11:42 of 1st period - Wrist shot by Tye McGinn.
11:42 of 1st period - Stopped by Ben Scrivens with a rebound.
11:44 of 1st period - Slapshot by Ben Hanowski.
11:44 of 1st period - Stopped by Ben Scrivens without a rebound.
11:45 of 1st period - Jamie Arniel wins face-off versus Cody Bass in Knights zone.
12:19 of 1st period - Snap shot by Linden Vey.
12:19 of 1st period - Deflect By Nathan Gerbe.
12:19 of 1st period - Stopped by Olivier Roy with a rebound.
13:24 of 1st period - Wrist shot by Cody Bass.
13:24 of 1st period - Shot Misses the Net.
14:00 of 1st period - Jaccob Slavin is hit by Nicholas Baptiste and loses puck.
15:17 of 1st period - Wrist shot by Brendan Gaunce.
15:17 of 1st period - Deflect By Brandon Saad.
15:17 of 1st period - Goal by Brandon Saad - Griffins : 0 - Knights : 2.
15:18 of 1st period - Michael Raffl wins face-off versus Jamie Arniel in neutral zone.
16:13 of 1st period - Wrist shot by Brendan Gaunce.
16:13 of 1st period - Stopped by Olivier Roy with a rebound.
17:45 of 1st period - Snap shot by Pavel Buchnevich.
17:45 of 1st period - Shot Misses the Net.
17:47 of 1st period - Slapshot by Jared Spurgeon.
17:47 of 1st period - Stopped by Olivier Roy without a rebound.
17:48 of 1st period - Sean Monahan wins face-off versus Cody Bass in Griffins zone.
17:48 of 1st period - Sean Monahan is hit by Michael Raffl.
18:16 of 1st period - Wrist shot by A.J. Jenks.
18:16 of 1st period - Shot Misses the Net.
18:18 of 1st period - Snap shot by A.J. Jenks.
18:18 of 1st period - Shot Blocked by Ben Hanowski.
18:20 of 1st period - Slapshot by Collin Miller.
18:20 of 1st period - Deflect By A.J. Jenks.
18:20 of 1st period - Stopped by Olivier Roy with a rebound.
18:22 of 1st period - Snap shot by Jaccob Slavin.
18:22 of 1st period - Stopped by Olivier Roy with a rebound.
18:33 of 1st period - Icing by Keith Seabrook.
18:34 of 1st period - Jamie Arniel wins face-off versus Brendan Gaunce in Griffins zone.
18:47 of 1st period - Wrist shot by Sean Monahan.
18:47 of 1st period - Shot Misses the Net.
19:03 of 1st period - Wrist shot by Linden Vey.
19:03 of 1st period - Deflect By Noel Acciari.
19:03 of 1st period - Shot Misses the Net.
19:03 of 1st period - Puck is out of play.
19:04 of 1st period - Jamie Arniel wins face-off versus Noel Acciari in Griffins zone.
19:11 of 1st period - Snap shot by Linden Vey.
19:11 of 1st period - Stopped by Olivier Roy with a rebound.
19:29 of 1st period - Nathan Oystrick is hit by Cody Bass and loses puck.
19:42 of 1st period - Wrist shot by Cody Bass.
19:42 of 1st period - Shot Misses the Net.
Goals for this period are 0 for Griffins vs 2 for Knights.
Shots for this period are 6 for Griffins vs 12 for Knights.
2nd period
0:01 of 2nd period - Cody Bass wins face-off versus Jamie Arniel in neutral zone.
0:04 of 2nd period - Snap shot by Jared Spurgeon.
0:04 of 2nd period - Stopped by Olivier Roy with a rebound.
1:00 of 2nd period - Slapshot by Tom Wilson.
1:00 of 2nd period - Deflect By Brandon Saad.
1:00 of 2nd period - Shot Blocked by Nathan Oystrick.
1:00 of 2nd period - Puck is out of play.
1:01 of 2nd period - Cody Bass wins face-off versus Jamie Arniel in Griffins zone.
1:51 of 2nd period - Snap shot by Josh Bailey.
1:51 of 2nd period - Shot Blocked by Nathan Gerbe.
1:53 of 2nd period - Slapshot by Jared Spurgeon.
1:53 of 2nd period - Stopped by Olivier Roy without a rebound.
1:54 of 2nd period - Jamie Arniel wins face-off versus Noel Acciari in Griffins zone.
2:03 of 2nd period - Slapshot by Tye McGinn.
2:03 of 2nd period - Stopped by Ben Scrivens without a rebound.
2:04 of 2nd period - Linden Vey wins face-off versus Jamie Arniel in Knights zone.
2:12 of 2nd period - Off-side.
2:13 of 2nd period - Noel Acciari wins face-off versus Nathan Gerbe in neutral zone.
2:18 of 2nd period - Wrist shot by Linden Vey.
2:18 of 2nd period - Deflect By A.J. Jenks.
2:18 of 2nd period - Stopped by Olivier Roy with a rebound.
2:20 of 2nd period - Slapshot by Jared Spurgeon.
2:20 of 2nd period - Shot Misses the Net.
2:22 of 2nd period - Slapshot by Tomas Kundratek.
2:22 of 2nd period - Shot Blocked by Bryan Young.
2:38 of 2nd period - Tomas Kundratek is hit by Mirco Mueller and loses puck.
2:59 of 2nd period - Backhand shot by Tomas Kundratek.
2:59 of 2nd period - Shot Misses the Net.
3:05 of 2nd period - Tomas Kundratek is hit by Anton Slepyshev and loses puck.
3:40 of 2nd period - Snap shot by Sean Monahan.
3:40 of 2nd period - Stopped by Ben Scrivens with a rebound.
4:41 of 2nd period - Snap shot by Jordan Martinook.
4:41 of 2nd period - Shot Blocked by Nicholas Baptiste.
4:43 of 2nd period - Snap shot by Jaccob Slavin.
4:43 of 2nd period - Shot Misses the Net.
4:45 of 2nd period - Snap shot by Pavel Buchnevich.
4:45 of 2nd period - Stopped by Olivier Roy without a rebound.
4:46 of 2nd period - Cody Bass wins face-off versus Jamie Arniel in Griffins zone.
4:47 of 2nd period - Snap shot by Josh Bailey.
4:47 of 2nd period - Stopped by Olivier Roy with a rebound.
4:49 of 2nd period - Snap shot by Michael Raffl.
4:49 of 2nd period - Stopped by Olivier Roy with a rebound.
4:51 of 2nd period - Snap shot by Josh Bailey.
4:51 of 2nd period - Goal by Josh Bailey - Griffins : 0 - Knights : 3.
4:52 of 2nd period - Sean Monahan wins face-off versus Cody Bass in neutral zone.
5:03 of 2nd period - Snap shot by Petr Pohl.
5:03 of 2nd period - Deflect By Nathan Gerbe.
5:03 of 2nd period - Shot Blocked by Tomas Kundratek.
5:03 of 2nd period - Puck is out of play.
5:04 of 2nd period - Jamie Arniel wins face-off versus Cody Bass in Knights zone.
5:05 of 2nd period - Wrist shot by Tye McGinn.
5:05 of 2nd period - Shot Misses the Net.
5:07 of 2nd period - Slapshot by Mirco Mueller.
5:07 of 2nd period - Shot Blocked by Michael Matheson.
5:09 of 2nd period - Snap shot by Jamie Arniel.
5:09 of 2nd period - Goal by Jamie Arniel - Griffins : 1 - Knights : 3.
5:10 of 2nd period - Tye McGinn wins face-off versus Cody Bass in neutral zone.
5:23 of 2nd period - Jamie Arniel is hit by Michael Raffl and loses puck.
6:07 of 2nd period - Snap shot by Petr Pohl.
6:07 of 2nd period - Stopped by Ben Scrivens with a rebound.
7:07 of 2nd period - Snap shot by Nathan Gerbe.
7:07 of 2nd period - Stopped by Ben Scrivens with a rebound.
7:41 of 2nd period - Wrist shot by Pavel Buchnevich.
7:41 of 2nd period - Shot Blocked by Nathan Oystrick.
7:43 of 2nd period - Slapshot by Collin Miller.
7:43 of 2nd period - Deflect By Jordan Martinook.
7:43 of 2nd period - Shot Misses the Net.
7:43 of 2nd period - Puck is out of play.
7:44 of 2nd period - Cody Bass wins face-off versus Sean Monahan in Griffins zone.
8:10 of 2nd period - Noel Acciari is hit by Bryan Young and loses puck.
8:34 of 2nd period - Wrist shot by Nicholas Baptiste.
8:34 of 2nd period - Shot Misses the Net.
8:36 of 2nd period - Slapshot by Ian McCoshen.
8:36 of 2nd period - Shot Misses the Net.
8:38 of 2nd period - Wrist shot by Vladislav Namestnikov.
8:38 of 2nd period - Shot Misses the Net.
8:40 of 2nd period - Snap shot by Nicholas Baptiste.
8:40 of 2nd period - Stopped by Ben Scrivens with a rebound.
8:50 of 2nd period - Minor Penalty to Linden Vey for Hooking.
8:51 of 2nd period - Sean Monahan wins face-off versus Josh Bailey in Knights zone.
9:22 of 2nd period - Wrist shot by Tye McGinn.
9:22 of 2nd period - Shot Misses the Net.
9:24 of 2nd period - Wrist shot by Jamie Arniel.
9:24 of 2nd period - Deflect By Tye McGinn.
9:24 of 2nd period - Stopped by Ben Scrivens with a rebound.
9:26 of 2nd period - Snap shot by Jamie Arniel.
9:26 of 2nd period - Shot Blocked by Josh Bailey.
10:20 of 2nd period - Off-side.
10:21 of 2nd period - Jamie Arniel wins face-off versus Cody Bass in neutral zone.
10:28 of 2nd period - Tomas Kundratek is hit by Ben Hanowski and loses puck.
10:50 of 2nd period - Penalty to Linden Vey is over, Linden Vey is back on ice.
11:05 of 2nd period - Snap shot by J.T. Brown.
11:05 of 2nd period - Shot Blocked by Ludwig Bystrom.
11:07 of 2nd period - Snap shot by Quinton Howden.
11:07 of 2nd period - Stopped by Ben Scrivens with a rebound.
11:24 of 2nd period - Snap shot by Noel Acciari.
11:24 of 2nd period - Deflect By Linden Vey.
11:24 of 2nd period - Shot Misses the Net.
11:24 of 2nd period - Puck is out of play.
11:25 of 2nd period - Linden Vey wins face-off versus Sean Monahan in Griffins zone.
11:26 of 2nd period - Wrist shot by A.J. Jenks.
11:26 of 2nd period - Shot Blocked by Petr Pohl.
11:41 of 2nd period - Slapshot by Sean Monahan.
11:41 of 2nd period - Stopped by Ben Scrivens with a rebound.
12:23 of 2nd period - Ben Hanowski is hit by Jordan Martinook and loses puck.
12:33 of 2nd period - Off-side.
12:34 of 2nd period - Brendan Gaunce wins face-off versus Vladislav Namestnikov in neutral zone.
13:00 of 2nd period - Simon Despres is hit by Josh Bailey and loses puck.
13:09 of 2nd period - Wrist shot by Nathan Gerbe.
13:09 of 2nd period - Shot Misses the Net.
13:19 of 2nd period - Snap shot by Tye McGinn.
13:19 of 2nd period - Stopped by Ben Scrivens with a rebound.
13:21 of 2nd period - Backhand shot by Jamie Arniel.
13:21 of 2nd period - Deflect By Tye McGinn.
13:21 of 2nd period - Shot Blocked by Noel Acciari.
13:21 of 2nd period - Puck is out of play.
13:22 of 2nd period - Noel Acciari wins face-off versus Jamie Arniel in Knights zone.
13:50 of 2nd period - Snap shot by Linden Vey.
13:50 of 2nd period - Shot Misses the Net.
13:57 of 2nd period - Icing by Bryan Young.
13:58 of 2nd period - Jamie Arniel wins face-off versus Cody Bass in Griffins zone.
14:33 of 2nd period - Slapshot by Tom Wilson.
14:33 of 2nd period - Stopped by Olivier Roy without a rebound.
14:34 of 2nd period - Cody Bass wins face-off versus Nathan Gerbe in Griffins zone.
15:20 of 2nd period - Slapshot by Nathan Oystrick.
15:20 of 2nd period - Shot Blocked by Jared Spurgeon.
15:22 of 2nd period - Snap shot by Simon Despres.
15:22 of 2nd period - Deflect By Vladislav Namestnikov.
15:22 of 2nd period - Stopped by Ben Scrivens without a rebound.
15:22 of 2nd period - Minor Penalty to Ben Scrivens for Delaying the game.
15:23 of 2nd period - Josh Bailey wins face-off versus Sean Monahan in Knights zone.
15:23 of 2nd period - Josh Bailey is hit by Sean Monahan.
15:49 of 2nd period - Snap shot by Jamie Arniel.
15:49 of 2nd period - Shot Misses the Net.
15:51 of 2nd period - Snap shot by Ben Hanowski.
15:51 of 2nd period - Shot Blocked by Josh Bailey.
16:13 of 2nd period - Cody Bass is hit by Petr Pohl and loses puck.
16:40 of 2nd period - Simon Despres is hit by Cody Bass and loses puck.
17:22 of 2nd period - Penalty to Brendan Gaunce is over, Brendan Gaunce is back on ice.
17:54 of 2nd period - Robert Dome is hit by David Shields and loses puck.
18:05 of 2nd period - Wrist shot by Jordan Martinook.
18:05 of 2nd period - Shot Blocked by Vladislav Namestnikov.
18:54 of 2nd period - Noel Acciari is hit by Simon Despres and loses puck.
19:17 of 2nd period - Wrist shot by Brendan Gaunce.
19:17 of 2nd period - Stopped by Olivier Roy with a rebound.
19:43 of 2nd period - Wrist shot by Jordan Martinook.
19:43 of 2nd period - Stopped by Olivier Roy with a rebound.
Goals for this period are 1 for Griffins vs 1 for Knights.
Shots for this period are 11 for Griffins vs 10 for Knights.
3rd period
0:01 of 3rd period - Sean Monahan wins face-off versus Cody Bass in neutral zone.
0:03 of 3rd period - Minor Penalty to Petr Pohl for Slashing.
0:04 of 3rd period - Jamie Arniel wins face-off versus Cody Bass in Griffins zone.
0:16 of 3rd period - Slapshot by Jared Spurgeon.
0:16 of 3rd period - Shot Misses the Net.
2:03 of 3rd period - Penalty to Petr Pohl is over, Petr Pohl is back on ice.
2:10 of 3rd period - Slapshot by Petr Pohl.
2:10 of 3rd period - Stopped by Ben Scrivens with a rebound.
2:27 of 3rd period - Wrist shot by Alan Quine.
2:27 of 3rd period - Deflect By Jordan Martinook.
2:27 of 3rd period - Shot Blocked by Mirco Mueller.
2:27 of 3rd period - Puck is out of play.
2:28 of 3rd period - Sean Monahan wins face-off versus Alan Quine in Griffins zone.
2:35 of 3rd period - Slapshot by Nathan Gerbe.
2:35 of 3rd period - Deflect By Sean Monahan.
2:35 of 3rd period - Stopped by Ben Scrivens with a rebound.
2:37 of 3rd period - Slapshot by Bryan Young.
2:37 of 3rd period - Deflect By Petr Pohl.
2:37 of 3rd period - Shot Blocked by Alan Quine.
2:37 of 3rd period - Puck is out of play.
2:38 of 3rd period - Cody Bass wins face-off versus Sean Monahan in Knights zone.
2:38 of 3rd period - Cody Bass is hit by Nathan Gerbe.
3:00 of 3rd period - Minor Penalty to Josh Bailey for Tripping.
3:01 of 3rd period - Sean Monahan wins face-off versus Nicolas Petan in Knights zone.
3:06 of 3rd period - Snap shot by Nathan Gerbe.
3:06 of 3rd period - Shot Blocked by Tomas Kundratek.
3:08 of 3rd period - Snap shot by Petr Pohl.
3:08 of 3rd period - Shot Blocked by Tomas Kundratek.
3:10 of 3rd period - Wrist shot by Petr Pohl.
3:10 of 3rd period - Shot Blocked by Michael Raffl.
3:12 of 3rd period - Snap shot by Sean Monahan.
3:12 of 3rd period - Deflect By Nathan Gerbe.
3:12 of 3rd period - Stopped by Ben Scrivens with a rebound.
3:14 of 3rd period - Wrist shot by Petr Pohl.
3:14 of 3rd period - Deflect By Jared Spurgeon.
3:14 of 3rd period - Shot Blocked by Tomas Kundratek.
3:14 of 3rd period - Puck is out of play.
3:15 of 3rd period - Nicolas Petan wins face-off versus Petr Pohl in Knights zone.
3:15 of 3rd period - Nicolas Petan is hit by Sean Monahan.
3:29 of 3rd period - Wrist shot by Michael Raffl.
3:29 of 3rd period - Shot Misses the Net.
3:31 of 3rd period - Snap shot by Nicolas Petan.
3:31 of 3rd period - Shot Misses the Net.
3:41 of 3rd period - Jared Spurgeon is hit by Jamie Arniel and loses puck.
3:46 of 3rd period - Snap shot by Jamie Arniel.
3:46 of 3rd period - Shot Blocked by Michael Raffl.
3:48 of 3rd period - Backhand shot by Robert Dome.
3:48 of 3rd period - Stopped by Ben Scrivens with a rebound.
3:50 of 3rd period - Slapshot by Simon Despres.
3:50 of 3rd period - Stopped by Ben Scrivens with a rebound.
3:52 of 3rd period - Snap shot by Tye McGinn.
3:52 of 3rd period - Shot Misses the Net.
5:00 of 3rd period - Penalty to Josh Bailey is over, Josh Bailey is back on ice.
5:00 of 3rd period - Michael Raffl is hit by Nathan Gerbe and loses puck.
5:11 of 3rd period - Jared Spurgeon is hit by J.T. Brown and loses puck.
5:39 of 3rd period - Tye McGinn is hit by Tom Wilson and loses puck.
6:30 of 3rd period - Snap shot by Pavel Buchnevich.
6:30 of 3rd period - Shot Misses the Net.
6:32 of 3rd period - Wrist shot by Alan Quine.
6:32 of 3rd period - Stopped by Olivier Roy without a rebound.
6:33 of 3rd period - Vladislav Namestnikov wins face-off versus Brendan Gaunce in Griffins zone.
6:41 of 3rd period - Off-side.
6:42 of 3rd period - Nathan Gerbe wins face-off versus Brendan Gaunce in neutral zone.
7:09 of 3rd period - Wrist shot by Cody Bass.
7:09 of 3rd period - Shot Misses the Net.
7:34 of 3rd period - Minor Penalty to Nicholas Baptiste for Holding.
7:35 of 3rd period - Jamie Arniel wins face-off versus Cody Bass in Griffins zone.
7:47 of 3rd period - Jamie Arniel is hit by Michael Raffl and loses puck.
8:32 of 3rd period - Wrist shot by J.T. Brown.
8:32 of 3rd period - Stopped by Ben Scrivens without a rebound.
8:33 of 3rd period - Noel Acciari wins face-off versus Jamie Arniel in Knights zone.
9:34 of 3rd period - Penalty to Nicholas Baptiste is over, Nicholas Baptiste is back on ice.
9:55 of 3rd period - Wrist shot by Tye McGinn.
9:55 of 3rd period - Stopped by Ben Scrivens without a rebound.
9:56 of 3rd period - Quinton Howden wins face-off versus Brendan Gaunce in Knights zone.
10:09 of 3rd period - Slapshot by Tomas Kundratek.
10:09 of 3rd period - Shot Blocked by Nathan Oystrick.
10:28 of 3rd period - Off-side.
10:29 of 3rd period - Sean Monahan wins face-off versus Cody Bass in neutral zone.
10:42 of 3rd period - Wrist shot by Josh Bailey.
10:42 of 3rd period - Shot Blocked by Simon Despres.
10:44 of 3rd period - Snap shot by Michael Raffl.
10:44 of 3rd period - Goal by Michael Raffl - Griffins : 1 - Knights : 4.
10:45 of 3rd period - Cody Bass wins face-off versus Sean Monahan in neutral zone.
10:59 of 3rd period - Slapshot by Nathan Gerbe.
10:59 of 3rd period - Deflect By Petr Pohl.
10:59 of 3rd period - Stopped by Ben Scrivens without a rebound.
11:00 of 3rd period - Noel Acciari wins face-off versus Jamie Arniel in Knights zone.
11:25 of 3rd period - Michael Raffl is hit by Sean Monahan and loses puck.
11:34 of 3rd period - Wrist shot by Petr Pohl.
11:34 of 3rd period - Stopped by Ben Scrivens with a rebound.
11:36 of 3rd period - Snap shot by Nathan Gerbe.
11:36 of 3rd period - Goal by Nathan Gerbe - Griffins : 2 - Knights : 4.
11:37 of 3rd period - Jamie Arniel wins face-off versus Cody Bass in neutral zone.
12:25 of 3rd period - Noel Acciari is hit by Ben Hanowski and loses puck.
12:32 of 3rd period - Jamie Arniel is hit by Noel Acciari and loses puck.
12:53 of 3rd period - Ben Hanowski is hit by Zach Trotman and loses puck.
13:06 of 3rd period - Off-side.
13:07 of 3rd period - Noel Acciari wins face-off versus Nathan Gerbe in neutral zone.
13:33 of 3rd period - Slapshot by Brendan Gaunce.
13:33 of 3rd period - Shot Misses the Net.
13:39 of 3rd period - Wrist shot by Quinton Howden.
13:39 of 3rd period - Stopped by Ben Scrivens with a rebound.
13:41 of 3rd period - Wrist shot by Simon Despres.
13:41 of 3rd period - Stopped by Ben Scrivens with a rebound.
14:07 of 3rd period - Snap shot by Vladislav Namestnikov.
14:07 of 3rd period - Deflect By Robert Dome.
14:07 of 3rd period - Shot Blocked by Josh Bailey.
14:07 of 3rd period - Puck is out of play.
14:08 of 3rd period - Sean Monahan wins face-off versus A.J. Jenks in Knights zone.
14:19 of 3rd period - Wrist shot by Michael Matheson.
14:19 of 3rd period - Shot Blocked by Bryan Young.
14:21 of 3rd period - Slapshot by Michael Matheson.
14:21 of 3rd period - Shot Misses the Net.
14:23 of 3rd period - Slapshot by Michael Matheson.
14:23 of 3rd period - Stopped by Olivier Roy with a rebound.
14:35 of 3rd period - Cody Bass is hit by Anton Slepyshev and loses puck.
14:42 of 3rd period - Snap shot by J.T. Brown.
14:42 of 3rd period - Shot Misses the Net.
14:54 of 3rd period - Slapshot by Nathan Oystrick.
14:54 of 3rd period - Stopped by Ben Scrivens without a rebound.
14:55 of 3rd period - Brendan Gaunce wins face-off versus Vladislav Namestnikov in Knights zone.
15:10 of 3rd period - Tom Wilson is hit by Nicholas Baptiste and loses puck.
15:31 of 3rd period - Wrist shot by Cody Bass.
15:31 of 3rd period - Stopped by Olivier Roy without a rebound.
15:32 of 3rd period - Sean Monahan wins face-off versus Noel Acciari in Griffins zone.
15:32 of 3rd period - Sean Monahan is hit by Linden Vey.
15:58 of 3rd period - Simon Despres is hit by Brandon Saad and loses puck.
16:52 of 3rd period - Wrist shot by Petr Pohl.
16:52 of 3rd period - Shot Blocked by Jared Spurgeon.
16:54 of 3rd period - Snap shot by Mirco Mueller.
16:54 of 3rd period - Stopped by Ben Scrivens without a rebound.
16:55 of 3rd period - Brendan Gaunce wins face-off versus Jamie Arniel in Knights zone.
16:55 of 3rd period - Brendan Gaunce is hit by Tye McGinn.
17:06 of 3rd period - Minor Penalty to Bryan Young for Tripping.
17:07 of 3rd period - Cody Bass wins face-off versus Jamie Arniel in Griffins zone.
17:40 of 3rd period - Wrist shot by Linden Vey.
17:40 of 3rd period - Shot Misses the Net.
18:10 of 3rd period - Snap shot by A.J. Jenks.
18:10 of 3rd period - Shot Blocked by Nathan Oystrick.
18:12 of 3rd period - Wrist shot by Linden Vey.
18:12 of 3rd period - Goal by Linden Vey - Griffins : 2 - Knights : 5.
18:13 of 3rd period - Cody Bass wins face-off versus Petr Pohl in neutral zone.
18:39 of 3rd period - Ben Hanowski is hit by Brendan Gaunce and loses puck.
18:46 of 3rd period - Snap shot by Brendan Gaunce.
18:46 of 3rd period - Deflect By Tom Wilson.
18:46 of 3rd period - Stopped by Olivier Roy without a rebound.
18:47 of 3rd period - Jamie Arniel wins face-off versus Noel Acciari in Griffins zone.
18:49 of 3rd period - Minor Penalty to Bryan Young for Interference.
18:50 of 3rd period - Jamie Arniel wins face-off versus Cody Bass in Griffins zone.
19:06 of 3rd period - Slapshot by Jared Spurgeon.
19:06 of 3rd period - Shot Blocked by Keith Seabrook.
19:16 of 3rd period - Keith Seabrook is hit by Noel Acciari and loses puck.
19:21 of 3rd period - Wrist shot by A.J. Jenks.
19:21 of 3rd period - Goal by A.J. Jenks - Griffins : 2 - Knights : 6.
19:22 of 3rd period - Sean Monahan wins face-off versus Cody Bass in neutral zone.
19:29 of 3rd period - Snap shot by Nathan Gerbe.
19:29 of 3rd period - Deflect By Cody Bass.
19:29 of 3rd period - Shot Misses the Net.
19:29 of 3rd period - Puck is out of play.
19:30 of 3rd period - Cody Bass wins face-off versus Sean Monahan in Knights zone.
19:30 of 3rd period - Cody Bass is hit by Sean Monahan.
19:42 of 3rd period - Wrist shot by Cody Bass.
19:42 of 3rd period - Shot Misses the Net.
19:44 of 3rd period - Snap shot by Michael Raffl.
19:44 of 3rd period - Shot Misses the Net.
19:46 of 3rd period - Slapshot by Jared Spurgeon.
19:46 of 3rd period - Shot Blocked by Keith Seabrook.
19:48 of 3rd period - Slapshot by Jared Spurgeon.
19:48 of 3rd period - Stopped by Olivier Roy without a rebound.
19:49 of 3rd period - Jamie Arniel wins face-off versus Noel Acciari in Griffins zone.
Goals for this period are 1 for Griffins vs 3 for Knights.
Shots for this period are 14 for Griffins vs 8 for Knights.
Back to the Top